Map: [ESL] Hardwire

Players

SKillous

  • Race: Protoss Protoss

Elazer - Winner!

  • Race: Zerg Zerg

Event: IEM Katowice 2022

VOD

Have the link to the VOD?

Description

Time

  • Played on: Feb. 23, 2022, 6:38 a.m.
  • Length: 17:43

All games in this series

Show
View Real Time Build Order
Export as new Build Order

SKillous Protoss 

Build Orders: 1 Gate Expand 

Get SALT Encoding   

  12  0:00  Probe  
  13  0:13  Pylon  
  13  0:18  Probe (Chrono Boost)  
  14  0:27  Probe (Chrono Boost)  
  15  0:32  Probe (Chrono Boost)  
  16  0:38  Gateway  
  16  0:44  Probe  
  16  0:48  Assimilator  
  17  0:56  Probe  
  18  1:08  Probe  
  19  1:20  Probe  
  20  1:25  Cybernetics Core  
  20  1:35  Nexus  
  20  1:44  Pylon, Probe  
  21  1:48  Assimilator  
  21  1:56  Probe  
  21  1:59  Adept (Chrono Boost)  
  22  2:04  Warp Gate  
  24  2:08  Probe  
  25  2:16  Cybernetics Core  
  25  2:19  Adept (Chrono Boost)  
  25  2:20  Probe  
  28  2:28  Pylon  
  28  2:33  Probe  
  29  2:43  Adept  
  31  2:48  Probe (Chrono Boost)  
  33  2:51  Probe (Chrono Boost)  
  33  2:55  Stargate  
  34  2:58  Probe (Chrono Boost)  
  34  3:01  Probe (Chrono Boost)  
  34  3:05  Probe  
  36  3:13  Probe  
  36  3:17  Probe  
  38  3:25  Probe  
  39  3:27  Gateway  
  39  3:29  Probe  
  39  3:31  Void Ray (Chrono Boost)  
  40  3:37  Probe  
  44  3:41  Probe  
  44  3:42  Pylon  
  44  3:53  Probe  
  44  3:54  Probe  
  46  3:57  Nexus  
  46  4:00  Pylon  
  46  4:05  Probe (Chrono Boost)  
  46  4:06  Oracle  
  51  4:12  Probe (Chrono Boost), Assimilator  
  51  4:15  Assimilator  
  51  4:17  Probe (Chrono Boost)  
  51  4:20  Pylon  
  52  4:26  Probe (Chrono Boost)  
  53  4:31  Nexus  
  53  4:32  Shield Battery  
  53  4:33  Probe  
  54  4:39  Fleet Beacon  
  54  4:40  Probe  
  55  4:45  Probe (Chrono Boost)  
  55  4:48  Stargate  
  56  4:54  Pylon  
  56  4:56  Probe (Chrono Boost)  
  56  4:58  Probe (Chrono Boost)  
  57  5:04  Pylon  
  57  5:06  Probe (Chrono Boost)  
  59  5:07  Forge, Probe (Chrono Boost)  
  59  5:12  Probe  
  60  5:16  Probe  
  61  5:23  Adept  
  61  5:24  Probe  
  61  5:27  Tempest (Chrono Boost)  
  69  5:29  Probe  
  70  5:36  Probe  
  70  5:41  Probe  
  74  5:44  Probe  
  74  5:46  Tempest (Chrono Boost)  
  74  5:48  Probe  
  76  5:53  Probe  
  76  5:56  Probe  
  83  5:57  Tempest (Chrono Boost)  
  83  6:00  Pylon, Probe  
  84  6:05  Probe  
  84  6:08  Probe  
  82  6:12  Assimilator, Probe  
  82  6:13  Tempest (Chrono Boost), Assimilator  
  82  6:16  Photon Cannon  
  88  6:22  Probe x2  
  90  6:26  Shield Battery  
  90  6:27  Photon Cannon, Twilight Council  
  90  6:31  Adept  
  91  6:34  Probe  
  91  6:35  Probe  
  91  6:38  Probe  
  91  6:39  Adept  
  96  6:41  Tempest  
  96  6:46  Probe  
  96  6:47  Pylon, Probe  
  102  6:51  Photon Cannon  
  102  6:52  Protoss Ground Weapons Level 1 (Chrono Boost)  
  103  6:55  Gateway  
  103  6:59  Robotics Facility  
  103  7:06  Blink, Unknown  
  103  7:12  Nexus  
  103  7:16  Pylon  
  103  7:22  Gateway  
  103  7:28  Gateway  
  103  7:30  Gateway  
  103  7:32  Gateway, Probe  
  104  7:40  Probe  
  104  7:43  Gateway  
  105  7:45  Gateway  
  105  7:49  Pylon, Probe  
  105  7:50  Probe  
  107  7:53  Nexus  
  107  7:54  Photon Cannon, Shield Battery  
  107  7:56  Pylon, Probe  
  107  7:58  Observer (Chrono Boost)  
  109  8:02  Robotics Bay  
  109  8:03  Probe  
  109  8:04  Probe  
  111  8:07  Robotics Facility  
  111  8:08  Pylon  
  111  8:13  Observer  
  111  8:15  Gateway  
  111  8:16  Probe  
  113  8:21  Assimilator  
  113  8:24  Assimilator  
  113  8:27  Pylon  
  113  8:32  Stalker x6  
  125  8:38  Probe  
  126  8:50  Protoss Ground Weapons Level 2 (Chrono Boost)  
  126  8:51  Disruptor (Chrono Boost)  
  126  8:52  Photon Cannon  
  126  8:54  Disruptor (Chrono Boost)  
  119  8:57  Photon Cannon  
  119  9:00  Stalker x3  
  128  9:04  Stalker  
  128  9:09  Stalker  
  132  9:11  Shield Battery  
  132  9:14  Shield Battery  
  132  9:16  Pylon  
  132  9:18  Disruptor (Chrono Boost)  
  132  9:21  Stalker x3  
  141  9:25  Stalker  
  141  9:26  Stalker  
  145  9:36  Nexus  
  145  9:37  Charge  
  145  9:42  Stalker x2  
  144  9:47  Stalker  
  131  9:54  Stalker x3  
  131  9:58  Stalker x2  
  135  10:11  Stalker x2  
  135  10:12  Stalker x3  
  141  10:22  Stalker x3  
  144  10:32  Disruptor x2  
  150  10:42  Nexus  
  150  10:48  Templar Archives  
  150  10:54  Probe (Chrono Boost)  
  150  10:55  Photon Cannon  
  151  11:03  Probe (Chrono Boost)  
  152  11:07  Protoss Ground Weapons Level 3 (Chrono Boost), Pylon  
  164  11:28  Pylon  
  164  11:29  Warp Prism (Chrono Boost)  
  164  11:30  Disruptor (Chrono Boost)  
  157  11:33  High Templar x4, Observer  
  157  11:34  Zealot x4  
  157  11:38  Pylon, Archon x2  
  157  11:39  Pylon x2  
  173  11:41  Pylon  
  173  11:56  High Templar x4  
  173  11:57  Zealot x2  
  173  12:00  Archon x2  
  185  12:05  Gateway  
  185  12:08  Gateway x2, Stalker x2  
  185  12:09  Stalker  
  185  12:12  Gateway  
  185  12:15  Zealot  
  185  12:26  High Templar  
  185  12:27  High Templar  
  189  12:30  Zealot x4  
  189  12:34  Archon  
  193  12:53  Zealot x3  
  193  12:57  Nexus  
  193  12:58  Protoss Air Weapons Level 1, Pylon  
  193  12:59  Zealot x4  
  199  13:19  Photon Cannon  
  199  13:20  Photon Cannon  
  199  13:22  Shield Battery  
  199  13:23  Nexus  
  199  13:25  Assimilator  
  199  13:27  Assimilator  
  199  13:28  Pylon  
  196  13:45  High Templar x2  
  200  13:50  Nexus  
  200  13:51  Archon  
  200  13:57  Protoss Shields Level 1 (Chrono Boost)  
  170  14:13  Zealot x3  
  170  14:15  Zealot x5  
  168  14:25  Zealot x9  
  161  14:50  Zealot  
  161  14:51  Zealot x8  
  134  15:08  Warp Prism  
  114  15:17  Zealot x6  
  96  15:27  Stalker x3  
  85  15:36  High Templar x4  
  85  15:41  Archon x2  
  85  15:42  High Templar x4  
  99  15:46  Archon  
  99  15:48  Archon  
  99  15:49  High Templar x3  
  105  15:54  High Templar, Archon  
  107  15:59  Archon  
  107  16:03  Zealot x2  
  105  16:11  High Templar x2  
  99  16:12  Zealot x2  
  99  16:15  Archon  
  103  16:20  Stalker x3  
  107  16:31  Stalker x3  
  83  16:51  Stalker x5  
  83  16:55  Stalker  
  85  17:08  Stalker x3  
  87  17:19  Zealot x2  
  87  17:20  Zealot x2  
  81  17:25  High Templar x2  
  81  17:26  Zealot x2  
  81  17:29  Archon  
Show
View Real Time Build Order
Export as new Build Order

Elazer Zerg - Winner!

Build Orders: Hatch First 

Get SALT Encoding   

  12  0:00  Drone  
  13  0:12  Overlord  
  13  0:16  Drone  
  14  0:30  Drone x2  
  16  0:49  Hatchery  
  15  0:51  Drone  
  15  0:55  Drone  
  17  0:57  Drone  
  18  1:09  Extractor  
  17  1:13  Spawning Pool  
  17  1:16  Drone  
  17  1:20  Drone  
  18  1:28  Drone  
  19  1:38  Drone  
  20  1:49  Overlord  
  20  1:59  Queen  
  20  2:00  Queen  
  20  2:01  Drone, Zergling x2  
  26  2:11  Zergling x2  
  26  2:12  Drone  
  26  2:13  Metabolic Boost  
  28  2:21  Drone  
  28  2:22  Drone  
  30  2:36  Queen, Zergling x2  
  33  2:45  Zergling x4  
  33  2:50  Overlord, Extractor, Queen  
  36  2:57  Overlord  
  37  3:10  Zergling x4  
  37  3:11  Zergling x2  
  40  3:14  Queen  
  40  3:15  Overlord  
  40  3:19  Drone  
  43  3:31  Drone x5  
  45  3:44  Drone x5, Queen  
  52  3:55  Drone x2  
  52  4:01  Drone  
  52  4:02  Hatchery, Overlord  
  54  4:04  Drone  
  54  4:06  Drone  
  54  4:08  Drone  
  57  4:13  Drone  
  57  4:16  Overlord  
  58  4:18  Overlord  
  57  4:25  Drone x3  
  59  4:32  Overlord  
  59  4:35  Queen x2  
  59  4:37  Drone  
  64  4:39  Drone  
  64  4:41  Overlord  
  64  4:43  Drone  
  64  4:45  Drone  
  67  4:47  Drone x2  
  67  4:50  Drone x2  
  70  4:59  Drone x2, Extractor  
  71  5:00  Roach Warren  
  71  5:01  Drone x2  
  71  5:05  Drone  
  73  5:09  Overlord  
  73  5:12  Extractor  
  73  5:13  Drone  
  76  5:14  Drone x3  
  76  5:15  Drone  
  76  5:20  Queen  
  78  5:22  Drone  
  78  5:25  Overlord  
  78  5:28  Drone  
  80  5:29  Lair  
  80  5:30  Drone x2  
  80  5:34  Zergling x4  
  83  5:36  Overlord  
  83  5:39  Zergling x2  
  84  5:44  Overlord  
  84  5:45  Zergling x4  
  86  5:51  Drone x3  
  86  5:52  Drone  
  86  5:55  Evolution Chamber  
  86  5:56  Drone x2  
  91  5:57  Hatchery  
  91  5:59  Drone x3  
  91  6:01  Overlord  
  93  6:06  Overlord  
  93  6:10  Overlord  
  91  6:12  Queen  
  91  6:13  Queen  
  91  6:14  Extractor  
  91  6:15  Extractor  
  93  6:20  Roach x3  
  93  6:22  Overlord x2  
  99  6:28  Drone x5  
  99  6:32  Overlord  
  104  6:37  Drone x4  
  107  6:41  Drone x4  
  107  6:43  Overlord  
  107  6:46  Zerg Missile Weapons Level 1  
  110  6:48  Queen  
  110  6:53  Queen x2  
  116  6:54  Overseer  
  116  6:58  Overlord  
  116  7:02  Spire  
  116  7:04  Extractor  
  116  7:08  Drone x2  
  116  7:10  Queen  
  116  7:13  Drone x7  
  125  7:17  Overlord  
  125  7:26  Drone x4  
  129  7:34  Queen  
  129  7:36  Queen x2  
  129  7:37  Overlord  
  129  7:42  Drone  
  127  7:49  Drone x6  
  127  7:51  Overlord  
  125  8:15  Corruptor x11  
  125  8:17  Hatchery  
  125  8:18  Corruptor  
  148  8:26  Corruptor x2  
  145  8:29  Corruptor  
  145  8:32  Corruptor  
  151  8:37  Corruptor  
  151  8:38  Corruptor  
  147  8:55  Roach x9  
  165  9:02  Zergling x12  
  171  9:04  Ravager x3  
  174  9:12  Zergling x12  
  180  9:26  Ravager x7  
  180  9:29  Zergling x8  
  180  9:30  Zergling x10  
  195  9:31  Queen, Zerg Melee Weapons Level 1  
  195  9:32  Queen x2  
  199  9:44  Zergling x10  
  200  9:51  Zergling x2  
  200  9:52  Zergling x12  
  182  10:03  Queen  
  177  10:07  Queen, Roach  
  177  10:08  Roach x5  
  177  10:09  Queen  
  177  10:11  Queen  
  188  10:15  Zergling x2  
  188  10:16  Zergling x8  
  180  10:24  Zergling x8  
  176  10:29  Ravager x6  
  176  10:30  Roach x3  
  176  10:33  Zergling x6  
  191  10:37  Hatchery, Infestation Pit  
  191  10:38  Queen  
  191  10:39  Evolution Chamber  
  191  10:42  Baneling Nest  
  189  10:43  Hatchery, Queen  
  189  10:47  Overlord  
  190  10:55  Ravager  
  190  10:56  Overlord  
  191  11:00  Spine Crawler  
  191  11:01  Queen  
  191  11:02  Spine Crawler  
  191  11:05  Queen  
  191  11:07  Zerg Missile Weapons Level 2  
  191  11:11  Spine Crawler  
  192  11:12  Zergling x14  
  199  11:21  Hive  
  199  11:28  Centrifugal Hooks  
  199  11:30  Zerg Melee Weapons Level 2  
  199  11:32  Zergling x2  
  200  11:39  Overseer  
  200  11:40  Pneumatized Carapace  
  200  11:51  Spore Crawler, Spine Crawler  
  200  11:52  Spine Crawler  
  196  11:57  Zergling x6  
  195  12:10  Baneling x15  
  194  12:17  Baneling x6  
  194  12:20  Zergling x2  
  194  12:21  Zergling x28  
  199  12:28  Overlord x2  
  199  12:35  Adrenal Glands  
  199  12:40  Baneling x30  
  195  13:01  Zergling x20, Spine Crawler x2  
  195  13:02  Spine Crawler  
  196  13:06  Baneling x8  
  196  13:07  Baneling x7  
  196  13:08  Baneling  
  196  13:09  Baneling x2  
  196  13:11  Zergling x10  
  195  13:14  Spine Crawler  
  195  13:15  Spine Crawler  
  195  13:16  Spine Crawler x2  
  185  13:24  Roach x7  
  199  13:33  Hatchery  
  194  13:39  Zergling x20  
  195  13:49  Zergling x8  
  199  14:01  Zerg Melee Weapons Level 3  
  199  14:02  Zerg Missile Weapons Level 3  
  194  14:10  Zergling x10  
  197  14:20  Zergling x2  
  197  14:21  Zergling x10  
  199  14:26  Baneling  
  199  14:27  Baneling x24  
  190  14:32  Zergling x24  
  193  14:40  Hatchery  
  193  14:43  Zergling x2  
  172  14:47  Roach x12  
  160  14:53  Roach x6  
  160  14:54  Roach  
  160  14:58  Roach  
  161  15:02  Baneling x6  
  161  15:04  Zergling x10  
  157  15:15  Zergling x16  
  144  15:23  Zergling x6  
  144  15:28  Zergling x8  
  147  15:35  Glial Reconstitution  
  144  15:36  Zergling x6  
  144  15:40  Zergling x2  
  144  15:41  Zergling x2  
  147  15:46  Zergling x2  
  147  15:49  Ravager x9  
  156  15:51  Zergling x8  
  142  16:06  Roach x6  
  142  16:09  Roach x4  
  146  16:12  Roach x3  
  152  16:23  Drone x8  
  160  16:31  Roach x3  
  146  16:32  Hatchery  
  146  16:38  Roach x4  
  146  16:43  Roach x3  
  130  16:48  Zergling x8  
  130  16:53  Zergling x8  
  134  16:55  Zergling x4  
  134  16:57  Zergling x2  
  135  17:05  Zergling x14  
  139  17:08  Ravager  
  139  17:09  Zergling x6  
  139  17:15  Zergling x8  
  142  17:18  Overseer  
  137  17:23  Zergling x12  
  145  17:31  Ravager x6  

Tags
 
Add a new tag
Caveats
  • Supply blocks, unpowered buildings, or Contaminate may cause inaccurate times.
  • Supply counts are checked every 10 seconds.